 Dungeon Crawl Stone Soup version 0.31.0-11-ge490571c62 (webtiles) character file.

Game seed: 9981411400438679872

1694 theswoord the Cruncher (level 8, -3/56 (60) HPs)
             Began as a Demonspawn Gladiator on Feb 2, 2024.
             Slain by a wight
             ... wielding a +1 scimitar
              (13 damage)
             ... on level 5 of the Dungeon.
             The game lasted 00:10:22 (5760 turns).

theswoord the Cruncher (Demonspawn Gladiator)       Turns: 5760, Time: 00:10:23

HP:   -3/56 (60)    AC:  5    Str: 18    XL:     8   Next: 72%
MP:   8/8           EV: 13    Int:  8    God:
Gold: 206           SH:  4    Dex: 14    Spells: 7/7 levels left

rFire   . . .        a - +0 quarterstaff
rCold   . . .        (shield currently unavailable)
rNeg    . . .        b - +0 leather armour
rPois   .            (helmet unavailable)
rElec   .            (no cloak)
rCorr   .            (no gloves)
SInv    .            j - +1 pair of boots
Will    .....        (no amulet)
Stlth   +            (no ring)
HPRegen 0.29/turn    (no ring)
MPRegen 0.11/turn

%: no passive effects
@: about to teleport, drained
A: horns 3, powered by death 1, condensation shield
a: no special abilities


You were on level 5 of the Dungeon.
You visited 1 branch of the dungeon, and saw 6 of its levels.
You also visited: Ossuary.

You collected 206 gold pieces.

Inventory:

Hand Weapons
 a - a +0 quarterstaff (weapon)
Missiles
 d - a throwing net (quivered)
 e - a javelin
Armour
 b - a +0 leather armour (worn)
 c - a +0 helmet
 j - a +1 pair of boots (worn)
Jewellery
 n - a +6 ring of intelligence
Scrolls
 f - 2 scrolls of poison
 g - 2 scrolls of teleportation
 l - 2 scrolls of torment
 o - a scroll of identify
 p - a scroll of enchant armour
 q - a scroll of revelation
 u - a scroll of immolation
Potions
 h - 2 potions of curing
 k - a potion of invisibility
 m - a potion of haste
 r - 2 potions of might
 s - a potion of lignification
 t - a potion of enlightenment


   Skills:
 - Level 3.8 Fighting
 + Level 9.2 Staves
 - Level 3.4 Throwing
 - Level 4.1 Dodging


You had 7 spell levels left.
You didn't know any spells.
Your spell library contained the following spells:

 Spells                   Type           Power      Damage    Failure   Level
 Mercury Vapours          Alch/Air       0%         N/A       61%         2
 Tukima's Dance           Hex            0%         N/A       83%         3
 Vhi's Electric Charge    Tloc/Air       0%         N/A       99%         4
 Plasma Beam              Fire/Air       0%         2x1d10    100%        6


Dungeon Overview and Level Annotations

Branches:
Dungeon (6/15)            Ossuary (visited)
 Temple: D:4-7

Altars:
Hepliaklqana
Makhleb
Okawaru
Trog

Annotations:
D:6 1 runed translucent door


Innate Abilities, Weirdness & Mutations

You have a pair of large horns on your head.
You regenerate a little health from kills.
A meltable shield of frost defends you. (SH +4)


Message History

Unknown command.
You struggle against the net.
The gnoll hits you from afar with a +0 halberd.
The gnoll hits you from afar with a +0 spear.
You struggle against the net.
The gnoll hits you from afar with a +0 halberd!
The gnoll hits you from afar with a +0 spear.
The wight hits you with a +1 scimitar!
* * * LOW HITPOINT WARNING * * *
Unknown command.
You struggle against the net.
A shadow imp comes into view.
The gnoll hits you from afar with a +0 halberd.
* * * LOW HITPOINT WARNING * * *
The gnoll hits you but does no damage. The wight hits you with a +1 scimitar!
* * * LOW HITPOINT WARNING * * *
The scorpion stings you but does no damage.
You shred the net and break free! The scorpion stings you.
* * * LOW HITPOINT WARNING * * *
You block the gnoll's attack. The wight misses you. The gnoll misses you.
You feel much better.
The shadow imp shouts, "Give up, thou horrid clay-brained cross-patch!"
The scorpion closely misses you.
The gnoll hits you from afar with a +0 spear.
You block the wight's attack. The gnoll misses you.
The scorpion stings you but does no damage.
The gnoll barely misses you.
The gnoll hits you from afar with a +0 spear!
* * * LOW HITPOINT WARNING * * *
The wight hits you with a +1 scimitar!
* * * LOW HITPOINT WARNING * * *
The scorpion closely misses you.
You climb upwards.
There is a stone staircase leading down, spattered with blood here.
As you read the scroll of teleportation, it crumbles to dust.
You feel strangely unstable. The wight hits you with a +1 scimitar!
* * * LOW HITPOINT WARNING * * *
The scorpion misses you.
You feel better. The wight hits you with a +1 scimitar!
You die...

..###.....#### ....'.....#
.>..#.....# #####.....###
########### ............#
#.........# ............#
#.........# ............#
#.........# ............#
#sz.......#
............####@[.......#
......####.....†)..#######
......#..#.........#
......#..#.........#
......#..#.........#######
......#..#...............#
......#..#....#####......#
......##'#....# #......#
..##+##..###### #......#


You could see a scorpion and a wight.

Vanquished Creatures
  The ghost of sanka the Insei, an amateur MfSh (D:4)
  Pargi (D:3)
  A phantom (D:4)
  A weeping skull (Ossuary)
  A bullfrog (D:6)
  3 water moccasin zombies (Ossuary)
  3 scorpions
  A wight (D:5)
  3 howler monkeys
  2 hounds
  An orc priest (D:5)
  Ijyb (D:3)
  Jessica (D:2)
  2 sleepcaps
  Natasha (thrice) (D:3)
  4 iguanas (D:5)
  An orc wizard (D:5)
  2 crocodile zombies (Ossuary)
  A bullfrog simulacrum (Ossuary)
  2 mummies (Ossuary)
  6 gnolls
  11 adders
  4 ufetubi
  2 adder zombies (Ossuary)
  A dart slug (D:2)
  4 ribbon worms
  9 orcs
  4 bats
  7 endoplasms
  3 giant cockroaches
  10 gnoll zombies (Ossuary)
  7 goblins
  3 hobgoblins
  8 kobolds
  7 ball pythons
  2 frilled lizards
  3 jackal zombies (Ossuary)
  8 orc zombies (Ossuary)
  11 rats
145 creatures vanquished.

Notes
Turn   | Place    | Note
-------+----------+-------------------------------------------
     0 | D:1      | theswoord the Demonspawn Gladiator began the quest for the
                  | Orb.
     0 | D:1      | Reached XP level 1. HP: 16/16 MP: 1/1
   144 | D:1      | Got the Quarto of the Hindering Wind
   350 | D:1      | Gained mutation: You regenerate a little health from kills.
                  | [demonic ancestry]
   350 | D:1      | Reached XP level 2. HP: 22/22 MP: 2/2
   807 | D:2      | Reached skill level 3 in Staves
   895 | D:2      | Gained mutation: You have a pair of small horns on your
                  | head. [demonic ancestry]
   895 | D:2      | Reached XP level 3. HP: 28/28 MP: 3/3
  1244 | D:2      | Reached XP level 4. HP: 12/34 MP: 4/4
  1719 | D:2      | Noticed Jessica
  1727 | D:2      | Killed Jessica
  1968 | D:1      | Gained mutation: A meltable shield of frost defends you.
                  | (SH +4) [demonic ancestry]
  1968 | D:1      | Reached XP level 5. HP: 40/41 MP: 5/5
  2158 | D:3      | Found a faded altar of an unknown god.
  2183 | D:3      | Noticed Natasha
  2192 | D:3      | Killed Natasha
  2303 | D:3      | Noticed Natasha
  2317 | D:3      | Killed Natasha
  2434 | D:3      | Noticed Ijyb
  2615 | D:3      | Killed Ijyb
  2745 | D:3      | Noticed Natasha
  2753 | D:3      | Killed Natasha
  2754 | D:3      | Reached XP level 6. HP: 32/47 MP: 6/6
  2819 | D:3      | Noticed Pargi
  2833 | D:3      | Killed Pargi
  2834 | D:3      | Reached skill level 4 in Staves
  2962 | D:3      | Found a burning altar of Makhleb.
  3214 | D:4      | Found an iron altar of Okawaru.
  3227 | D:4      | Reached skill level 5 in Staves
  3227 | D:4      | Gained mutation: You have a pair of horns on your head.
                  | [demonic ancestry]
  3227 | D:4      | Reached XP level 7. HP: 41/53 MP: 7/7
  3477 | D:4      | Noticed a moth of wrath
  3480 | D:4      | Found a bloodstained altar of Trog.
  3595 | D:4      | Found a hazy altar of Hepliaklqana.
  3715 | D:4      | Found a runed translucent door.
  3721 | D:4      | Noticed sanka's ghost (amateur MfSh)
  3747 | D:4      | Killed sanka's ghost
  3748 | D:4      | Reached skill level 6 in Staves
  3884 | D:5      | Entered Level 5 of the Dungeon
  4183 | D:5      | Reached skill level 7 in Staves
  4241 | D:5      | Gained mutation: You have a pair of large horns on your
                  | head. [demonic ancestry]
  4241 | D:5      | Reached XP level 8. HP: 11/60 MP: 8/8
  4330 | D:5      | Found a sand-covered staircase.
  4338 | Ossuary  | Entered an ossuary
  4576 | Ossuary  | Reached skill level 8 in Staves
  5422 | D:6      | Found a runed translucent door.
  5598 | D:5      | Reached skill level 9 in Staves
  5760 | D:5      | Slain by a wight

Skill      XL: |  1  2  3  4  5  6  7  8 |
---------------+-------------------------+-----
Throwing       | 2 3 |  3.4
Dodging        | 3 4 |  4.1
Staves         | 3 5 7 9 |  9.2
Fighting       | 3 |  3.8

Action                     |  1- 3 |  4- 6 |  7- 9 || total
---------------------------+-------+-------+-------++-------
  Melee: Quarterstaff      |    92 |   146 |   286 ||   524
         Headbutt          |     2 |    37 |    57 ||    96
         Unarmed           |       |    55 |       ||    55
  Throw: Throwing net      |       |     5 |       ||     5
    Use: Scroll            |     7 |     3 |     7 ||    17
         Potion            |     1 |       |     4 ||     5
   Stab: Sleeping          |     3 |       |     1 ||     4
         Held in net/web   |       |     1 |       ||     1
 Armour: Leather armour    |    64 |    90 |   178 ||   332
         Skin              |       |    15 |       ||    15
  Dodge: Dodged            |    62 |   132 |   177 ||   371
  Block: Other             |       |    32 |    46 ||    78

Levels and vault maps discovered:
D:1:      giann_forest_graveyard, layout_loops_ring
D:2:      layout_loops_corners, uniq_jessica
D:3:      layout_basic, mainiacjoe_overflow_boulevard, basic_ecumenical_altar,
          uniq_pargi, uniq_ijyb, uniq_natasha
D:4:      layout_basic, mainiacjoe_overflow_chevrons,
          worldfamousw_hep_ancestral_shrine, tgw_trog, ebering_ghost_sewer_d
D:5:      layout_gridville, nicolae_ossuary_entry_ruins
D:6:      layout_rooms, kiku_gazebo_garden_becter, ebering_ghost_reflecting_pool
